 Dungeon Crawl Stone Soup version 0.27.1-4-g1640c2035a (webtiles) character file.

Game seed: 14786463350908629592

91 zeram the Sneak (level 4, -2/22 HPs)
             Began as a Spriggan Brigand on Nov 11, 2021.
             Killed by divine providence
             ... invoked by an orc priest
              (9 damage)
             ... on level 3 of the Dungeon.
             The game lasted 00:03:11 (2665 turns).

zeram the Sneak (Spriggan Brigand)                  Turns: 2665, Time: 00:03:12

Health: -2/22      AC:  3    Str:  7    XL:     4   Next: 34%
Magic:  5/5        EV: 16    Int: 13    God:
Gold:   107        SH:  7    Dex: 16    Spells: 3/3 levels left

rFire    . . .     SeeInvis +   a - +2 dagger
rCold    . . .     Faith    .   h - +2 buckler
rNeg     . . .     Spirit   .   b - +0 robe
rPois    .         Reflect  .   (helmet restricted)
rElec    .         Harm     .   c - +0 cloak
rCorr    .         Rampage  .   (gloves unavailable)
Will     .....                  (boots unavailable)
Stlth    ++++......             (no amulet)
HPRegen  0.07/turn              (no ring)
MPRegen  0.09/turn              (no ring)

@: very quick
A: very small, no large weapons, unfitting armour, see invisible, speed 3
a: no special abilities


You were on level 3 of the Dungeon.
You visited 1 branch of the dungeon, and saw 3 of its levels.

You collected 107 gold pieces.

Inventory:

Hand Weapons
 a - a +2 dagger (weapon)
Missiles
 d - 9 poisoned darts (quivered)
 e - 2 curare-tipped darts
Armour
 b - a +0 robe (worn)
 c - a +0 cloak (worn)
 h - a +2 buckler (worn)
Wands
 j - a wand of polymorph (9)
Scrolls
 k - a scroll of identify
Potions
 f - 2 potions of invisibility
 g - a potion of degeneration {unknown}
 i - a potion of haste {unknown}
 l - a potion of heal wounds {unknown}
 m - a potion of might {unknown}


   Skills:
 - Level 1.5 Fighting
 + Level 3.2 Short Blades
 - Level 2.0 Throwing
 + Level 1.9 Dodging
 + Level 7.7 Stealth
 * Level 0.7 Shields


You had 3 spell levels left.
You didn't know any spells.
Your spell library was empty.

Dungeon Overview and Level Annotations

Branches:
Dungeon (3/15)

Altars:
Kikubaaqudgha

Shops:
D:2 =


Innate Abilities, Weirdness & Mutations

You are very small and have problems with some larger weapons.
You are too small for most types of armour.
You have supernaturally acute eyesight. (SInv)
You cover ground extremely quickly. (Speed+++)


Message History

You kill the orc!
No target in view!
An orc comes into view. It is wielding a +0 dagger.
An orc is nearby!
An orc is nearby!
An orc is nearby!
The orc shouts!
You hit the orc.
The orc is severely wounded.
You closely miss the orc.
The orc is severely wounded.
The orc hits you with a +0 dagger.
You closely miss the orc.
The orc is severely wounded.
You block the orc's attack.
You hit the orc.
You kill the orc!
No target in view!
No target in view!
HP restored.
m - a pink potion You now have 107 gold pieces (gained 4).
Things that are here:
a +0 dagger; an orc corpse
Things that are here:
a +0 dagger; a +0 ring mail An orc comes into view.
It is wielding a +0 dagger.
An orc is nearby!
An orc is nearby!
An orc and an orc priest come into view.
The orc is wielding a +1 trident of flaming.
The orc priest shouts!
The orc priest shouts!
The orc priest looks satisfied for a moment.
The orc priest invokes the aid of Beogh against you.
Beogh smites you!
Ouch! That really hurt!
The orc priest calls down the wrath of Beogh upon you.
Beogh smites you!
You die...

###.#...##.#..#######....## #
#.#.#....#.###.⌠.###....#####
##.#......#.##..o..##..#.#...#
#..#..###.#.#..o....#..#......
#.#..## #.#.#.#.o.#.#..#......
##....# #.#.#.......#..#.......
.....#####...#...o...#..#.......
.............#.......#.........#
..########.^.#.#@..#.#..##.....#
.## ###....#.......#..# .... .#
#...##............# ... .## #.#.
####....####.# .. ..# ###.###
####.###..# . ..# #§...○#
..##.## ..###.....### #.##.#
......._....# #.##.#
..###.....#.#######.##.#


You could see 2 orc priests and 2 orcs.

Vanquished Creatures
  5 adders
  3 orcs
  4 bats
  3 endoplasms (D:1)
  A giant cockroach (D:2)
  3 goblins
  4 hobgoblins
  3 quokkas
  4 ball pythons
  2 frilled lizards
  5 kobolds
  6 rats
43 creatures vanquished.

Notes
Turn   | Place    | Note
-------+----------+-------------------------------------------
     0 | D:1      | zeram the Spriggan Brigand began the quest for the Orb.
     0 | D:1      | Reached XP level 1. HP: 10/10 MP: 2/2
    53 | D:1      | Reached skill level 6 in Stealth
   345 | D:1      | Reached XP level 2. HP: 14/14 MP: 3/3
   813 | D:1      | Found a faded altar of an unknown god.
  1201 | D:2      | Reached XP level 3. HP: 13/18 MP: 4/4
  1284 | D:2      | Reached skill level 7 in Stealth
  1809 | D:2      | Found Oddasuf's Jewellery Shoppe.
  2066 | D:3      | Found an ancient bone altar of Kikubaaqudgha.
  2072 | D:3      | Reached XP level 4. HP: 22/22 MP: 5/5
  2665 | D:3      | Killed from afar by an orc priest

Illustrated notes

Levels and vault maps discovered:
D:1:      saegor_arrival_under_anarchy, layout_loops_ring,
          ebering_ecumenical_altar_webs
D:2:      layout_loops_ring, serial_shops, nicolae_square_shop, corexii_shack,
          grunt_ministairs_13
D:3:      cheibrodos_pilgrimage, layout_rooms,
          nicolae_kikubaaqudgha_miasma_corner

Skill      XL: |  1  2  3 |
---------------+----------+-----
Stealth        | 6 7 |  7.7
Short Blades   | 3 |  3.2
Fighting       | |  1.5
Throwing       | |  2.0
Dodging        | |  1.9
Shields        | |  0.7

Action                   |  1- 3 |  4- 6 || total
-------------------------+-------+-------++-------
Melee: Dagger            |    83 |    56 ||   139
Throw: Dart              |     7 |       ||     7
  Use: Scroll            |     5 |       ||     5
 Stab: Sleeping          |    13 |       ||    13
Armor: Robe              |     4 |     6 ||    10
Dodge: Dodged            |    35 |    16 ||    51
Block: Buckler           |    14 |    18 ||    32
